 Dungeon Crawl Stone Soup version 0.31-a0-986-g5e6e4ef867 (webtiles) character file.

Game seed: 10584277298555775654

420 Demosthentine the Ducker (level 6, -1/48 HPs)
             Began as a Demonspawn Gladiator on Nov 7, 2023.
             Slain by an ogre
             ... wielding a +0 giant club
              (35 damage)
             ... on level 4 of the Dungeon.
             The game lasted 00:03:26 (3841 turns).

Demosthentine the Ducker (Demonspawn Gladiator)     Turns: 3841, Time: 00:03:27

Health: -1/48      AC:  4    Str: 16    XL:     6   Next: 62%
Magic:  6/6        EV: 18    Int:  9    God:
Gold:   1106       SH:  0    Dex: 15    Spells: 5/5 levels left

rFire   . . .        a - +0 trident
rCold   . . .        (no shield)
rNeg    . . .        b - +0 leather armour
rPois   .            c - +0 helmet
rElec   .            (no cloak)
rCorr   .            (no gloves)
SInv    .            (no boots)
Will    .....        (no amulet)
Stlth   +            f - +5 ring of evasion
HPRegen 0.28/turn    (no ring)
MPRegen 0.10/turn

%: no passive effects
@: no status effects
A: powered by death 2, powered by pain 2, demonic touch 1
a: no special abilities


You were on level 4 of the Dungeon.
You visited 1 branch of the dungeon, and saw 4 of its levels.

You collected 1106 gold pieces.

Inventory:

Hand Weapons
 a - a +0 trident (weapon)
Missiles
 d - 3 throwing nets (quivered)
 e - a javelin
 g - 6 silver javelins
Armour
 b - a +0 leather armour (worn)
 c - a +0 helmet (worn)
Jewellery
 f - a +5 ring of evasion (left hand)
 r - a +4 ring of protection
Scrolls
 h - a scroll of poison
 i - 2 scrolls of vulnerability
 k - 2 scrolls of teleportation
 n - 2 scrolls of fear
 o - 2 scrolls of revelation
 q - a scroll of amnesia
Potions
 j - a potion of curing
 l - a potion of resistance
 m - a potion of invisibility {unknown}
 p - a potion of berserk rage {unknown}


   Skills:
 + Level 3.8 Fighting
 + Level 4.1 Polearms
 - Level 1.7 Throwing
 + Level 2.8 Armour
 + Level 4.1 Dodging


You had 5 spell levels left.
You didn't know any spells.
Your spell library contained the following spells:

 Spells                   Type           Power      Damage    Failure   Level
 Lesser Beckoning         Tloc           0%         N/A       58%         2
 Gell's Gravitas          Tloc           0%         N/A       82%         3
 Teleport Other           Tloc           0%         N/A       82%         3


Dungeon Overview and Level Annotations

Branches:
Dungeon (4/15)
 Temple: D:4-7

Altars:
Cheibriados


Innate Abilities, Weirdness & Mutations

You regenerate health from kills.
You sometimes gain power by taking damage.
Your touch may inflict minor irresistible damage on your foes.


Message History

Menkaure is moderately damaged.
Menkaure calls on the powers of darkness!
Your body is wracked with pain!
Menkaure is nearby!
You reach to attack!
You hit Menkaure.
Menkaure is heavily damaged.
Menkaure is nearby!
You hit Menkaure but do no damage.
Menkaure is heavily damaged.
Menkaure misses you.
Menkaure is nearby!
You hit Menkaure.
Menkaure is severely damaged.
An ogre comes into view. It is wielding a +0 giant club.
Menkaure hits you but does no damage.
You puncture Menkaure!
You destroy Menkaure!
Your Polearms skill increases to level 4!
Your Dodging skill increases to level 4!
You hit the ogre.
The ogre is lightly wounded.
The ogre completely misses you.
You hit the ogre but do no damage.
The ogre is lightly wounded.
The ogre barely misses you.
You barely miss the ogre.
You touch the ogre!
The ogre is heavily wounded.
You hit the ogre.
The ogre is severely wounded.
The ogre completely misses you.
You hit the ogre. Your touch misses the ogre.
The ogre is severely wounded.
The ogre misses you.
You hit the ogre.
The ogre is almost dead.
You barely miss the ogre. Your touch misses the ogre.
The ogre is almost dead.
The ogre hits you with a +0 giant club!!
Ouch! That really hurt!
You die...

# #....#
##.#....##
........
#.#....#
##......####
...........
#.#.O..#
#.#@...#
#..#.### #
##.#...
#.###.####.#.
#.....####...
####.......###
##...###..#
##....#
#..#..##


You could see an ogre.

Vanquished Creatures
  Menkaure (D:4)
  2 orc priests
  A hound (D:4)
  An orc wizard (D:3)
  4 gnolls (D:3)
  6 adders
  3 worms
  5 orcs
  10 endoplasms
  4 giant cockroaches
  6 goblins
  7 hobgoblins
  3 jackals
  6 quokkas
  8 ball pythons
  6 bats
  2 frilled lizards
  7 kobolds
  7 rats
89 creatures vanquished.

Notes
Turn   | Place    | Note
-------+----------+-------------------------------------------
     0 | D:1      | Demosthentine the Demonspawn Gladiator began the quest for
                  | the Orb.
     0 | D:1      | Reached XP level 1. HP: 16/16 MP: 1/1
   162 | D:1      | Gained mutation: You sometimes gain a little power by
                  | taking damage. [demonic ancestry]
   162 | D:1      | Reached XP level 2. HP: 22/22 MP: 2/2
   614 | D:1      | Reached skill level 1 in Armour
   707 | D:1      | Gained mutation: You sometimes gain power by taking damage.
                  | [demonic ancestry]
   707 | D:1      | Reached XP level 3. HP: 28/28 MP: 3/3
  1431 | D:2      | HP: 1/28 [poisoned by an adder]
  1801 | D:2      | Gained mutation: Your touch may inflict minor irresistible
                  | damage on your foes. [demonic ancestry]
  1801 | D:2      | Reached XP level 4. HP: 5/34 MP: 4/4
  2392 | D:2      | Identified a scroll of acquirement
  2394 | D:2      | Acquired 897 gold pieces
  2698 | D:3      | Gained mutation: You regenerate a little health from kills.
                  | [demonic ancestry]
  2698 | D:3      | Reached XP level 5. HP: 17/41 MP: 5/5
  3083 | D:3      | HP: 2/41 [gnoll/+0 spear (6)]
  3657 | D:3      | Found a faded altar of an unknown god.
  3660 | D:3      | Found a snail-covered altar of Cheibriados.
  3796 | D:4      | Gained mutation: You regenerate health from kills. [demonic
                  | ancestry]
  3796 | D:4      | Reached XP level 6. HP: 46/47 MP: 6/6
  3827 | D:4      | Noticed Menkaure
  3832 | D:4      | Killed Menkaure
  3841 | D:4      | Slain by an ogre

Illustrated notes

Levels and vault maps discovered:
D:1:      scummos_arrival_star, layout_loops_cross, serial_rivers,
          chequers_serial_rivers_small_a, chequers_serial_rivers_micro_b,
          chequers_serial_rivers_micro_b, chequers_serial_rivers_small_3,
          chequers_serial_rivers_micro_d, chequers_serial_rivers_micro_a,
          minmay_misc_feat_four_crosses, minmay_tree_intersection,
          minmay_indecisive_spiral
D:2:      minmay_diamond_boxcup, layout_loops_corners, minmay_quantized
D:3:      kennysheep_six_static_rooms, layout_basic,
          nicolae_overflow_ecumenical_swirl, roderic_serpentine_path,
          serial_park_tiny_pond, amcnicky_mini_pool_small
D:4:      layout_rooms, mainiacjoe_overflow_tiny_flanked,
          kennysheep_generic_room_3, uniq_edmund, uniq_menkaure

Skill      XL: |  1  2  3  4  5  6 |
---------------+-------------------+-----
Polearms       | 3 4 |  4.1
Dodging        | 3 4 |  4.1
Armour         | 1 2 |  2.8
Fighting       | 3 |  3.8
Throwing       | |  1.7

Action                     |  1- 3 |  4- 6 || total
---------------------------+-------+-------++-------
  Melee: Trident           |   191 |   153 ||   344
         Punch             |     1 |     2 ||     3
         Touch             |       |    21 ||    21
  Throw: Throwing net      |       |     2 ||     2
    Use: Scroll            |     4 |     7 ||    11
         Potion            |     4 |       ||     4
   Stab: Sleeping          |     4 |     2 ||     6
 Armour: Leather armour    |    76 |    39 ||   115
  Dodge: Dodged            |   114 |   102 ||   216

Table legend: (Time is in decaauts)
 A = Elapsed time spent in this place.
 B = Non-inter-level travel time spent in this place.
 C = Inter-level travel time spent in this place.
 D = Time resting spent in this place.
 E = Time spent auto-exploring this place.
 F = Levels seen in this place.
 G = Mean time per level.
                   A        B        C        D        E       F      G
               +--------+--------+--------+--------+--------+-----+--------+
         Total |   3879 |   3787 |     92 |    190 |   2954 |   4 |  969.8 |
       Dungeon |   3879 |   3787 |     92 |    190 |   2954 |   4 |  969.8 |
               +--------+--------+--------+--------+--------+-----+--------+

Top non-repeatable levels by time:
     D:2: 1620 daAuts
     D:3: 1130 daAuts
     D:1: 1071 daAuts
     D:4: 56 daAuts
